 Dungeon Crawl Stone Soup version 0.29.0-4-gdea44cf6ec (webtiles) character file.

Game seed: 5039035014641252926

2200 qw the Cleaver (level 9, -4/54 HPs)
             Began as a Tengu Warper on Aug 28, 2022.
             Was an Initiate of Okawaru.
             Slain by Maggie
             ... wielding a +0 long sword of flaming
              (14 damage)
             ... on level 7 of the Dungeon.
             The game lasted 00:00:47 (8593 turns).

qw the Cleaver (Tengu Warper)                       Turns: 8593, Time: 00:00:47

Health: -4/54      AC: 10    Str: 17      XL:     9   Next: 34%
Magic:  11/13      EV: 16    Int: 13      God:    Okawaru [......]
Gold:   253        SH:  0    Dex: 11 (13) Spells: 12/12 levels left

rFire   + . .      SeeInvis .   d - +0 war axe
rCold   . . .      Faith    .   (no shield)
rNeg    . . .      Spirit   .   b - +0 ring mail "Zuucum" {rElec Will+ Slay+3}
rPois   .          Reflect  .   (helmet restricted)
rElec   +          Harm     .   m - +1 cloak
rCorr   .          Rampage  .   l - +0 pair of gloves
Will    +....                   (boots unavailable)
Stlth   ++........              (no amulet)
HPRegen 0.18/turn               k - ring of protection from fire
MPRegen 0.13/turn               (no ring)

@: about to teleport, heroic, flying quickly and evasively, quick
A: beak, talons 3, nimble flight
a: Renounce Religion


You were on level 7 of the Dungeon.
You worshipped Okawaru.
Okawaru was noncommittal.
You visited 2 branches of the dungeon, and saw 8 of its levels.

You collected 307 gold pieces.
You spent 54 gold pieces at shops.


Innate Abilities, Weirdness & Mutations

You have a beak for a mouth.
You have claws for feet.
Your magical nature lets you fly swiftly and evasively.


   Skills:
 - Level 5.4(10.4) Fighting
 + Level 10.7(15.7) Axes
 - Level 3.7(8.7) Throwing
 - Level 3.0(8.0) Armour
 - Level 3.3(8.3) Dodging
 - Level 2.0 Spellcasting
 - Level 2.4 Translocations
 - Level 0.5 Invocations


You had 12 spell levels left.
You didn't know any spells.
Your spell library contained the following spells:

 Spells                   Type           Power      Damage    Failure   Level
 Blink                    Tloc           14%        N/A       24%         2
 Gell's Gravitas          Tloc           7%         N/A       43%         3
 Lesser Beckoning         Tloc           7%         N/A       43%         3
 Teleport Other           Tloc           7%         N/A       43%         3
 Manifold Assault         Tloc           7%         N/A       99%         5

Inventory:

Hand Weapons
 a - a +0 flail
 d - a +0 war axe (weapon)
Missiles
 q - a silver javelin (quivered)
Armour
 b - the +0 ring mail "Zuucum" (worn) {rElec Will+ Slay+3}
   (You found it on level 5 of the Dungeon)

   Slay:      It affects your accuracy & damage with ranged weapons and melee
   (+3).
   rElec:     It insulates you from electricity.
   Will:      It increases your willpower.
 c - a +0 chain mail
 l - a +0 pair of gloves (worn)
 m - a +1 cloak (worn)
Jewellery
 k - a ring of protection from fire (left hand)
Scrolls
 g - 2 scrolls of identify
Potions
 f - a potion of curing
 i - a potion of heal wounds
 j - 2 potions of invisibility {unknown}
 o - a potion of haste {unknown}

Dungeon Overview and Level Annotations

Branches:
Dungeon (7/15)             Temple (1/1) D:6

Altars:
Ashenzari
Cheibriados
Dithmenos
Elyvilon
Fedhas
Gozag
Hepliaklqana
Kikubaaqudgha
Makhleb
Nemelex Xobeh
Okawaru
Qazlal
Ru
Sif Muna
Trog
Uskayaw
Vehumet
Wu Jian
Yredelemnul
Zin
The Shining One

Shops:
D:6 *

Annotations:
D:2 1 runed translucent door, Crazy Yiuf
D:3 3 runed translucent doors, qw's ghost, amateur TeWr
D:7 Maggie


Message History

Things that are here:
+0 steam dragon scales; a steam dragon corpse You see here 5 stones.
Maggie points at you and mumbles some strange words.
The bolt of fire hits you! You resist.
You hit Maggie but do no damage. You peck Maggie.
Maggie is lightly wounded.
Maggie closely misses you.
You hit Maggie. You peck Maggie.
Maggie is lightly wounded.
Maggie barely misses you.
You slash Maggie! Your punch misses Maggie.
Maggie is moderately wounded.
Maggie barely misses you.
You barely miss Maggie. You claw Maggie. You peck Maggie, but do no damage.
Maggie is moderately wounded.
Maggie hits you with a +0 long sword of flaming.
You slash Maggie! Your kick misses Maggie.
Maggie is heavily wounded.
Maggie barely misses you.
You closely miss Maggie. You claw Maggie!
Maggie is severely wounded.
Maggie hits you with a +0 long sword of flaming.
8590 ||| INVOKING Heroism.
You gain the combat prowess of a mighty hero.
You can no longer gain great but temporary skills.
Maggie hits you with a +0 long sword of flaming!
Maggie burns you.
You closely miss Maggie. Your kick misses Maggie.
You peck Maggie, but do no damage.
Maggie is severely wounded.
You hit Maggie. You claw Maggie, but do no damage.
Maggie is severely wounded.
Maggie points at you and mumbles some strange words.
The bolt of fire hits you! You resist.
8593 ||| READING scroll of teleportation.
As you read the scroll of teleportation, it crumbles to dust.
You feel strangely unstable.
Maggie hits you with a +0 long sword of flaming!
You die...

.........# #..# ### #
.(.......# #..#####.# #
..)......# ##.#.....#
#### ....).)..#
###........## #...
.......>.#
###...........# #...
.........#
##.............####...
........##
#.....................
........#
##....@.........####...
.......##
#.....@.........# #...
.......#
#...............# #...
###...##
##...............# ##..
#>.##
#..............(.# ###
##.##
#......).......###
##..# #.............##
##..# #...........?##
##..# ##.........###
.#..# #........##


You could see Maggie.

Vanquished Creatures
  A kobold demonologist (D:6)
  A steam dragon (D:7)
  2 water moccasins
  3 ice beasts (D:7)
  A black bear (D:4)
  A sky beast (D:5)
  An ogre (D:7)
  3 centaurs
  A phantom (D:5)
  A necrophage (D:5)
  A scorpion (D:5)
  An orc priest (D:7)
  A gnoll bouda (D:6)
  5 hounds
  3 orc wizards (D:7)
  2 iguanas
  Robin (D:2)
  8 adders
  8 gnolls
  A shadow imp (D:6)
  A white imp (D:5)
  3 worms (D:3)
  A dart slug (D:2)
  19 orcs
  7 endoplasms
  2 giant cockroaches
  19 goblins
  6 hobgoblins
  2 jackals (D:3)
  6 kobolds
  A quokka (D:2)
  12 ball pythons
  3 bats
  3 frilled lizards (D:1)
  A rat (D:2)
132 creatures vanquished.

Notes
Turn   | Place    | Note
-------+----------+-------------------------------------------
     0 | D:1      | qw the Tengu Warper began the quest for the Orb.
     0 | D:1      | Reached XP level 1. HP: 12/12 MP: 4/4
     0 | D:1      | 0 ||| qw: Version: 0.1-a-89-g26bdef1
     0 | D:1      | 0 ||| qw: Game counter: 1504
     0 | D:1      | 0 ||| qw: Always use a shield: true
     0 | D:1      | 0 ||| qw: God list: Okawaru
     0 | D:1      | 0 ||| qw: Allow faded altars: false
     0 | D:1      | 0 ||| qw: Do Orc after D:15 true
     0 | D:1      | 0 ||| qw: Do second Lair branch before Depths: true
     0 | D:1      | 0 ||| qw: Lair rune preference: random
     0 | D:1      | 0 ||| qw: Plans: Normal
     0 | D:1      | 0 ||| PLANNING D:1-11
   240 | D:1      | Reached XP level 2. HP: 17/17 MP: 6/6
   251 | D:1      | Reached skill level 3 in Axes
   357 | D:1      | 357 ||| DROPPING +0 club.
   547 | D:1      | Found a faded altar of an unknown god.
   809 | D:1      | 809 ||| UPGRADING to +0 ring mail.
   819 | D:1      | 819 ||| DROPPING +0 leather armour.
   820 | D:1      | 820 ||| READING scroll labelled NIPOMNACOK.
   821 | D:1      | 821 ||| READING scroll labelled YBLIUNNOGAON.
   822 | D:1      | 822 ||| READING scroll labelled PUIFU FIYSCHUAS.
   823 | D:1      | 823 ||| READING scroll labelled KUMOID CEOQOXT.
   824 | D:1      | 824 ||| DROPPING scroll of blinking.
   851 | D:2      | 851 ||| Stepping ~*~*~tactically~*~*~ (hiding).
   892 | D:2      | Reached XP level 3. HP: 21/21 MP: 7/7
   947 | D:2      | Reached skill level 4 in Axes
  1126 | D:2      | Noticed Robin
  1149 | D:2      | Killed Robin
  1150 | D:2      | Reached XP level 4. HP: 22/26 MP: 8/8
  1218 | D:2      | 1218 ||| Stepping ~*~*~tactically~*~*~ (stealth).
  1269 | D:2      | 1269 ||| Stepping ~*~*~tactically~*~*~ (stealth).
  1270 | D:2      | 1270 ||| Stepping ~*~*~tactically~*~*~ (stealth).
  1461 | D:2      | Reached skill level 5 in Axes
  1644 | D:2      | 1644 ||| Stepping ~*~*~tactically~*~*~ (hiding).
  2237 | D:2      | Found a runed translucent door.
  2238 | D:2      | Noticed Crazy Yiuf
  2257 | D:2      | 2257 ||| DROPPING ring of magical power.
  2258 | D:2      | 2258 ||| READING scroll labelled OFYDEE GULI.
  2259 | D:2      | 2259 ||| READING scroll labelled FIWANN YMEASKO.
  2260 | D:2      | 2260 ||| READING scroll labelled BON GE ISYWUH.
  2261 | D:2      | 2261 ||| READING 2 scrolls labelled PEBBOMUASI.
  2275 | D:2      | 2275 ||| READING scroll labelled KUCOUW GAHOI.
  2276 | D:2      | 2276 ||| READING 2 scrolls of identify.
  2276 | D:2      | 2276 ||| IDENTIFYING amethyst potion
  2277 | D:2      | 2277 ||| DROPPING potion of berserk rage.
  2311 | D:3      | 2311 ||| Stepping ~*~*~tactically~*~*~ (stealth).
  2312 | D:3      | 2312 ||| Stepping ~*~*~tactically~*~*~ (stealth).
  2632 | D:3      | Found a runed translucent gate.
  2633 | D:3      | Found a runed translucent gate.
  2633 | D:3      | Found a runed translucent gate.
  2634 | D:3      | Noticed qw's ghost (amateur TeWr)
  2792 | D:3      | 2792 ||| Stepping ~*~*~tactically~*~*~ (stealth).
  2904 | D:3      | Gained mutation: Your magical nature lets you fly swiftly
                  | and evasively. [Tengu growth]
  2904 | D:3      | Reached XP level 5. HP: 28/30 MP: 9/9
  3172 | D:3      | 3172 ||| READING scroll labelled PASO HOILYXKI.
  3569 | D:3      | 3569 ||| READING scroll of teleportation.
  3673 | D:4      | 3673 ||| DROPPING +2 mace of holy wrath.
  3840 | D:4      | Reached skill level 6 in Axes
  3942 | D:4      | 3942 ||| Stepping ~*~*~tactically~*~*~ (stealth).
  3943 | D:4      | 3943 ||| Stepping ~*~*~tactically~*~*~ (stealth).
  3946 | D:4      | 3946 ||| Stepping ~*~*~tactically~*~*~ (stealth).
  3948 | D:4      | 3948 ||| Stepping ~*~*~tactically~*~*~ (stealth).
  4065 | D:4      | Noticed a black bear
  4081 | D:4      | Killed a black bear
  4082 | D:4      | Reached XP level 6. HP: 12/35 MP: 10/10
  4385 | D:4      | Reached skill level 7 in Axes
  4530 | D:4      | 4530 ||| UPGRADING to +0 chain mail.
  4540 | D:4      | 4540 ||| DROPPING +0 ring mail.
  4541 | D:4      | 4541 ||| UPGRADING to +0 cloak.
  4546 | D:4      | 4546 ||| UPGRADING to ring of protection from fire.
  4547 | D:4      | 4547 ||| READING 2 scrolls labelled FOGGAB ZAS SAE.
  4548 | D:4      | 4548 ||| READING scroll labelled ESAPUE MEYDELOU.
  4549 | D:4      | 4549 ||| DRINKING 2 fuming black potions.
  4550 | D:4      | 4550 ||| READING 2 scrolls of identify.
  4550 | D:4      | 4550 ||| IDENTIFYING sedimented grey potion
  4551 | D:4      | 4551 ||| DROPPING potion of lignification.
  4552 | D:4      | 4552 ||| DROPPING scroll of amnesia.
  4562 | D:5      | Entered Level 5 of the Dungeon
  4571 | D:5      | 4571 ||| READING scroll of enchant armour.
  4571 | D:5      | 4571 ||| ENCHANTING +0 cloak.
  4629 | D:5      | 4629 ||| Stepping ~*~*~tactically~*~*~ (stealth).
  4639 | D:5      | 4639 ||| FLEEEEING.
  4640 | D:5      | 4640 ||| FLEEEEING.
  4641 | D:5      | 4641 ||| FLEEEEING.
  4642 | D:5      | 4642 ||| FLEEEEING.
  4643 | D:5      | 4643 ||| FLEEEEING.
  4644 | D:5      | 4644 ||| FLEEEEING.
  4646 | D:5      | 4646 ||| FLEEEEING.
  4711 | D:5      | Noticed a sky beast
  4724 | D:5      | Killed a sky beast
  4725 | D:5      | Reached skill level 3 in Armour
  4853 | D:5      | 4853 ||| Stepping ~*~*~tactically~*~*~ (stealth).
  4867 | D:5      | 4867 ||| Stepping ~*~*~tactically~*~*~ (stealth).
  4880 | D:5      | Reached skill level 3 in Fighting
  4880 | D:5      | Reached XP level 7. HP: 30/41 MP: 11/11
  4928 | D:5      | 4928 ||| FLEEEEING.
  4929 | D:5      | 4929 ||| FLEEEEING.
  4983 | D:5      | Identified the +0 pair of boots "Jav Gill" {+Blink Stlth+}
  5012 | D:5      | 5012 ||| READING scroll of brand weapon.
  5012 | D:5      | 5012 ||| BRANDING +0 hand axe of freezing.
  5180 | D:5      | Reached skill level 8 in Axes
  5389 | D:5      | Identified the +0 ring mail "Zuucum" {rElec Will+ Slay+3}
  5472 | D:5      | 5472 ||| SWAPPING to +0 hand axe of electrocution.
  5473 | D:5      | 5473 ||| DROPPING +0 hand axe of venom.
  5550 | D:5      | Reached skill level 9 in Axes
  5651 | D:5      | 5651 ||| DROPPING +1 flail of distortion.
  5777 | D:5      | 5777 ||| UPGRADING to +0 ring mail "Zuucum" {rElec Will+
                  | Slay+3}.
  5787 | D:5      | 5787 ||| DRINKING 2 sapphire potions.
  5788 | D:5      | 5788 ||| READING 2 scrolls of identify.
  5788 | D:5      | 5788 ||| IDENTIFYING yellow potion
  5789 | D:5      | 5789 ||| DROPPING potion of degeneration.
  5858 | D:6      | Reached XP level 8. HP: 35/46 MP: 12/12
  5959 | D:6      | 5959 ||| Stepping ~*~*~tactically~*~*~ (hiding).
  6053 | D:6      | Found Ufiska's General Store.
  6060 | D:6      | 6060 ||| BUYING +0 pair of gloves (54 gold).
  6060 | D:6      | Bought a +0 pair of gloves for 54 gold pieces
  6060 | D:6      | 6060 ||| SHOPLISTING ring of protection from cold (300
                  | gold, have 159).
  6143 | D:6      | 6143 ||| Stepping ~*~*~tactically~*~*~ (hiding).
  6232 | D:6      | Noticed a kobold demonologist
  6253 | D:6      | Noticed a sixfirhy
  6255 | D:6      | Killed a kobold demonologist
  6563 | D:6      | Reached skill level 3 in Dodging
  6565 | D:6      | HP: 10/50 [poisoned by a water moccasin]
  6570 | D:6      | HP: 5/50 [poisoned by a water moccasin]
  6573 | D:6      | HP: 2/50 [poisoned by a water moccasin]
  6912 | D:6      | Found a staircase to the Ecumenical Temple.
  6913 | D:6      | 6913 ||| PLANNING TEMPLE
  6913 | D:6      | 6913 ||| UPGRADING to +0 pair of gloves.
  6918 | D:6      | 6918 ||| DRINKING 2 white potions.
  6919 | D:6      | 6919 ||| READING 3 scrolls of identify.
  6919 | D:6      | 6919 ||| IDENTIFYING pink potion
  6920 | D:6      | 6920 ||| READING 2 scrolls of identify.
  6920 | D:6      | 6920 ||| IDENTIFYING fuming ruby potion
  6921 | D:6      | 6921 ||| DROPPING potion of magic.
  6922 | D:6      | 6922 ||| DROPPING potion of attraction.
  6923 | D:6      | 6923 ||| DROPPING potion of brilliance.
  6933 | Temple   | Entered the Ecumenical Temple
  6966 | Temple   | Became a worshipper of Warmaster Okawaru
  7100 | Temple   | 7100 ||| PLANNING D:1-11
  7301 | D:6      | 7301 ||| READING scroll labelled UFAOWANLAH.
  7482 | D:7      | 7482 ||| Stepping ~*~*~tactically~*~*~ (hiding).
  7919 | D:7      | Reached skill level 10 in Axes
  7919 | D:7      | Reached XP level 9. HP: 54/54 MP: 13/13
  7960 | D:7      | Noticed Maggie
  7971 | D:7      | HP: 8/54 [Maggie/+0 long sword of flaming (11)]
  7972 | D:7      | 7972 ||| READING 2 scrolls of teleportation.
  7973 | D:7      | 7973 ||| DRINKING 3 potions of heal wounds.
  7975 | D:7      | 7975 ||| DRINKING 2 potions of heal wounds.
  8307 | D:7      | Found a sacrificial altar of Ru.
  8318 | D:7      | 8318 ||| Stepping ~*~*~tactically~*~*~ (stealth).
  8320 | D:7      | 8320 ||| Stepping ~*~*~tactically~*~*~ (hiding).
  8332 | D:7      | Reached skill level 3 in Throwing
  8367 | D:7      | 8367 ||| SWAPPING to +0 war axe.
  8439 | D:7      | 8439 ||| DROPPING +0 hand axe of electrocution.
  8486 | D:7      | Reached * piety under Okawaru
  8494 | D:7      | 8494 ||| INVOKING Heroism.
  8590 | D:7      | 8590 ||| INVOKING Heroism.
  8592 | D:7      | HP: 10/54 [Maggie/bolt of fire (14)]
  8593 | D:7      | 8593 ||| READING scroll of teleportation.
  8593 | D:7      | Slain by Maggie

Levels and vault maps discovered:
D:1:      evilmike_arrival_fibonacci_small, layout_basic,
          hellmonk_ecumenical_altar_leap_of_faith, hex_large
D:2:      layout_loops_corners, uniq_crazy_yiuf_cottage, uniq_robin
D:3:      layout_basic, gammafunk_ghost_split
D:4:      layout_gridville
D:5:      layout_loops_ring
D:6:      layout_basic, minmay_temple_entry_overgrown, serial_shops,
          shop_fountains
D:7:      layout_cave_pods, nicolae_ru_path_of_blood, uniq_maggie
Temple:   nicolae_temple_slightly_damp_pantheon

Skill      XL: |  1  2  3  4  5  6  7  8  9 |
---------------+----------------------------+-----
Axes           | 3 4 5 6 7 9 10 | 10.7
Armour         | 3 |  3.0
Fighting       | 3 5 |  5.4
Throwing       | 2 3 |  3.7
Dodging        | 3 |  3.3
Spellcasting   | |  2.0
Translocations | |  2.4
Invocations    | |  0.5

Action                   |  1- 3 |  4- 6 |  7- 9 || total
-------------------------+-------+-------+-------++-------
Melee: Hand axe          |    68 |   156 |   158 ||   382
       Kick              |    14 |    32 |    50 ||    96
       Peck              |     8 |    27 |    41 ||    76
       Punch             |       |     1 |     1 ||     2
       War axe           |       |       |    27 ||    27
Throw: Boomerang         |     7 |     9 |       ||    16
       Javelin           |       |       |     9 ||     9
Invok: Heroism           |       |       |     2 ||     2
  Use: Scroll            |     4 |    12 |     7 ||    23
       Potion            |       |     1 |     4 ||     5
Armor: Leather armour    |     6 |       |       ||     6
       Ring mail         |     6 |    32 |    26 ||    64
       Chain mail        |       |    16 |    39 ||    55
Dodge: Dodged            |    32 |    63 |    78 ||   173

Table legend:
 A = Non-vault XP
 B = Vault XP
 C = Vault XP percentage of total XP
 D = Non-vault monster count
 E = Vault monster count
 F = Vault count percentage of total count
                 A         B        C        D         E       F
            +---------+---------+-------+---------+---------+-------
      Total |    3108 |      35 |   1.1 |     120 |      12 |   9.1
            +---------+---------+-------+---------+---------+-------
        D:1 |      31 |       0 |   0.0 |      18 |       0 |   0.0
        D:2 |      72 |      35 |  32.7 |      21 |      12 |  36.4
        D:3 |      46 |       0 |   0.0 |      15 |       0 |   0.0
        D:4 |     233 |       0 |   0.0 |      12 |       0 |   0.0
        D:5 |     779 |       0 |   0.0 |      19 |       0 |   0.0
        D:6 |     742 |       0 |   0.0 |       9 |       0 |   0.0
        D:7 |    1205 |       0 |   0.0 |      26 |       0 |   0.0
            +---------+---------+-------+---------+---------+-------
